 Dungeon Crawl Stone Soup version 0.31-a0-152-g6aa68a64a1 (webtiles) character file.

Game seed: 2959860740630138963

36 qw the Shooter (level 3, -1/32 HPs)
             Began as a Naga Hunter on June 10, 2023.
             Slain by a goblin
             ... wielding a +0 dagger
             ... led by Robin
              (5 damage)
             ... on level 2 of the Dungeon.
             The game lasted 00:00:18 (776 turns).

qw the Shooter (Naga Hunter)                         Turns: 776, Time: 00:00:19

Health: -1/32      AC:  2    Str: 13    XL:     3   Next: 37%
Magic:  3/3        EV:  9    Int:  9    God:
Gold:   48         SH:  0    Dex: 16    Spells: 2/2 levels left

rFire   . . .        Y - +0 shortbow
rCold   . . .        (shield currently unavailable)
rNeg    . . .        c - +0 leather armour
rPois   +            (no helmet)
rElec   .            (no cloak)
rCorr   .            (no gloves)
SInv    +            (no barding)
Will    .....        (no amulet)
Stlth   ++           (no ring)
HPRegen 0.25/turn    (no ring)
MPRegen 0.08/turn

%: no passive effects
@: short of breath, very slow
A: AC +1, large, see invisible, deformed body, poison resistance, slowness 2,
spit poison 1, naga tail 1
a: Spit Poison


You were on level 2 of the Dungeon.
You visited 1 branch of the dungeon, and saw 2 of its levels.

You collected 48 gold pieces.


Innate Abilities, Weirdness & Mutations

Your serpentine skin is tough. (AC +1)
You have supernaturally acute eyesight. (SInv)
Armour fits poorly on your strangely shaped body.
Your system is resistant to poisons. (rPois)
You cover ground very slowly.
You can spit poison.
You have a snake-like lower body.


   Skills:
 - Level 2.0 Fighting
 + Level 4.6 Ranged Weapons
 - Level 1.5 Dodging
 - Level 1.5 Stealth


You had 2 spell levels left.
You didn't know any spells.
Your spell library was empty.

Inventory:

Hand Weapons
 Y - a +0 shortbow (weapon)
Armour
 c - a +0 leather armour (worn)
Potions
 g - a potion of mutation {unknown}
 h - a potion of attraction {unknown}
 k - a potion of curing {unknown}

Dungeon Overview and Level Annotations

Branches:
Dungeon (2/15)

Altars:

Annotations:
D:2 Robin


Message History

The goblin completely misses you.
769 ||| INVOKING Spit Poison.
Aiming: Spit Poison (2% risk of failure)
Press: ? - help, Shift-Dir - straight line, f/p - goblin The splash of poison misses the goblin.
Robin throws the goblin at you!
A goblin comes into view. It is wielding a +0 dagger.
The goblin hits you with a +0 dagger.
You shoot an arrow. The arrow barely misses the goblin.
The goblin hits you with a +0 dagger.
You shoot an arrow. The arrow barely misses Robin.
The goblin hits you with a +0 dagger.
A hobgoblin comes into view.
Robin says, "Duck!"
Robin roars a battlecry!
The goblins go into a battle-frenzy!
The hobgoblin shouts!
You shoot an arrow. The arrow closely misses Robin.
Robin barely misses you. The goblin hits you with a +0 dagger.
You shoot an arrow. The arrow closely misses Robin.
Robin throws the goblin at you!
The goblin hits you but does no damage. x2
The goblin hits you with a +0 dagger. x2; The goblin closely misses you.
Robin throws the goblin at you! The goblin hits you with a +0 dagger.
You shoot an arrow. The arrow barely misses Robin.
You have got your breath back.
The goblin hits you with a +0 dagger. The goblin barely misses you.
The goblin hits you with a +0 dagger.
A goblin comes into view. It is wielding a +0 club.
775 ||| INVOKING Spit Poison.
Aiming: Spit Poison (2% risk of failure)
Press: ? - help, Shift-Dir - straight line, f/p - Robin The splash of poison hits Robin but does no damage.
Robin is poisoned.
Robin hits you with a +2 falchion of freezing.
Robin freezes you. The hobgoblin closely misses you.
The goblin closely misses you. The goblin barely misses you. x2
You shoot an arrow. The arrow hits Robin.
Robin is moderately wounded.
The goblin hits you with a +0 dagger. x2
You die...

.... ## ... ..
.:. #. .. #.
.#+### #
#.#...g)
#.#ggg.# #..g@#
#.##g#
#############.#
#.............#
#.#############
#........#
########.# #<#
#.#


You could see Robin (poisoned), a hobgoblin (strong) and 4 goblins.

Vanquished Creatures
  An adder (D:2)
  3 ball pythons (D:1)
  2 endoplasms (D:1)
  3 giant cockroaches (D:1)
  2 goblins (D:2)
  2 hobgoblins (D:1)
  2 quokkas (D:1)
  4 bats (D:1)
  A frilled lizard (D:1)
  2 kobolds (D:1)
  2 rats (D:1)
24 creatures vanquished.

Notes
Turn   | Place    | Note
-------+----------+-------------------------------------------
     0 | D:1      | qw the Naga Hunter began the quest for the Orb.
     0 | D:1      | Reached XP level 1. HP: 19/19 MP: 1/1
     0 | D:1      | 0 ||| qw: Version: 0.2-a-123-gb51047a
     0 | D:1      | 0 ||| qw: Game counter: 3725
     0 | D:1      | 0 ||| qw: Always use a shield: true
     0 | D:1      | 0 ||| qw: God list: Okawaru
     0 | D:1      | 0 ||| qw: Allow faded altars: false
     0 | D:1      | 0 ||| qw: Do Orc after D:15 true
     0 | D:1      | 0 ||| qw: Do second Lair branch before Depths: true
     0 | D:1      | 0 ||| qw: Lair rune preference: random
     0 | D:1      | 0 ||| qw: Plans: Normal
     0 | D:1      | 0 ||| PLANNING D:1-11
    23 | D:1      | 23 ||| INVOKING Spit Poison.
    54 | D:1      | 54 ||| INVOKING Spit Poison.
   100 | D:1      | 100 ||| INVOKING Spit Poison.
   103 | D:1      | Reached skill level 4 in Ranged Weapons
   103 | D:1      | Reached XP level 2. HP: 26/26 MP: 2/2
   175 | D:1      | 175 ||| INVOKING Spit Poison.
   276 | D:1      | 276 ||| INVOKING Spit Poison.
   282 | D:1      | 282 ||| INVOKING Spit Poison.
   299 | D:1      | 299 ||| INVOKING Spit Poison.
   378 | D:1      | 378 ||| INVOKING Spit Poison.
   381 | D:1      | 381 ||| INVOKING Spit Poison.
   385 | D:1      | Reached XP level 3. HP: 24/32 MP: 3/3
   568 | D:1      | Found a faded altar of an unknown god.
   587 | D:1      | 587 ||| INVOKING Spit Poison.
   660 | D:1      | 660 ||| READING scroll labelled ESCHAKHLU VYCUKA.
   661 | D:1      | 661 ||| READING scroll labelled LEJYIRPH TUPAPS.
   662 | D:1      | 662 ||| READING scroll labelled QIOTZA POOSATT.
   663 | D:1      | 663 ||| READING scroll labelled ZATIYTW CEOJEF.
   666 | D:1      | 666 ||| DRINKING 3 bubbling black potions.
   667 | D:1      | 667 ||| DROPPING scroll of butterflies.
   668 | D:1      | 668 ||| DROPPING 2 potions of magic.
   704 | D:2      | 704 ||| INVOKING Spit Poison.
   709 | D:2      | 709 ||| INVOKING Spit Poison.
   762 | D:2      | 762 ||| INVOKING Spit Poison.
   766 | D:2      | Noticed Robin
   768 | D:2      | 768 ||| INVOKING Spit Poison.
   769 | D:2      | 769 ||| INVOKING Spit Poison.
   775 | D:2      | 775 ||| INVOKING Spit Poison.
   775 | D:2      | HP: 8/32 [Robin/+2 falchion of freezing (2)]
   776 | D:2      | Slain by a goblin

Levels and vault maps discovered:
D:1:      minmay_arrival_doors, layout_basic, chequers_ecumenical_altar_twisty,
          kennysheep_decorative_pillar, nicolae_titane
D:2:      layout_basic, minmay_hexomino_c4, uniq_crazy_yiuf_cottage, uniq_robin

Skill      XL: |  1 |
---------------+----+-----
Ranged Weapons | 4 |  4.6
Fighting       | |  2.0
Dodging        | |  1.5
Stealth        | |  1.5

Action                     || total
---------------------------++-------
   Fire: Shortbow          ||    51
Ability: Spit Poison       ||    15
    Use: Scroll            ||     4
         Potion            ||     1
 Armour: Leather armour    ||    10
  Dodge: Dodged            ||    16

Table legend:
 A = Non-vault XP
 B = Vault XP
 C = Vault XP percentage of total XP
 D = Non-vault monster count
 E = Vault monster count
 F = Vault count percentage of total count
                 A         B        C        D         E       F
            +---------+---------+-------+---------+---------+-------
      Total |      48 |       4 |   7.7 |      22 |       2 |   8.3
            +---------+---------+-------+---------+---------+-------
        D:1 |      35 |       0 |   0.0 |      21 |       0 |   0.0
        D:2 |      13 |       4 |  23.5 |       1 |       2 |  66.7
            +---------+---------+-------+---------+---------+-------
